 Dungeon Crawl Stone Soup version 0.29.1-1-gd02db6906a (webtiles) character file.

Game seed: 7692723074965237865

26 groovy9 the Shooter (level 3, -3/27 HPs)
             Began as a Formicid Hunter on Sept 19, 2022.
             Succumbed to a goblin's poison
             ... on level 2 of the Dungeon.
             The game lasted 00:01:44 (694 turns).

groovy9 the Shooter (Formicid Hunter)                Turns: 694, Time: 00:01:44

Health: -3/27      AC:  1    Str: 15    XL:     3   Next: 22%
Magic:  3/3        EV: 12    Int:  8    God:
Gold:   32         SH:  0    Dex: 19    Spells: 2/2 levels left

rFire   . . .      SeeInvis +   a - +0 shortbow
rCold   . . .      Faith    .   (no shield)
rNeg    . . .      Spirit   .   c - +0 leather armour
rPois   .          Reflect  .   (helmet unavailable)
rElec   .          Harm     .   (no cloak)
rCorr   .          Rampage  .   (no gloves)
Will    +....                   (no boots)
Stlth   ++........              (no amulet)
HPRegen 0.09/turn               (no ring)
MPRegen 0.08/turn               (no ring)

@: brilliant, lethally poisoned (-3 -> -18)
A: permanent stasis, dig shafts and tunnels, antennae 3, four strong arms,
deformed body, strong-willed 1
a: Dig, Shaft Self


You were on level 2 of the Dungeon.
You visited 1 branch of the dungeon, and saw 2 of its levels.

You collected 32 gold pieces.

Inventory:

Hand Weapons
 a - a +0 shortbow (weapon)
Armour
 c - a +0 leather armour (worn)
Scrolls
 b - a scroll of immolation
 g - a scroll of teleportation
Potions
 e - 2 potions of attraction
 i - a potion of magic {unknown}


   Skills:
 - Level 2.1 Fighting
 + Level 4.9 Ranged Weapons
 - Level 1.7 Dodging
 - Level 1.2 Stealth


You had 2 spell levels left.
You didn't know any spells.
Your spell library contained the following spells:

 Spells                   Type           Power      Damage    Failure   Level
 Summon Forest            Summ/Tloc      0%         N/A       100%        5
 Summon Mana Viper        Hex/Summ       0%         N/A       100%        5
 Summon Cactus Giant      Summ           0%         N/A       100%        6


Dungeon Overview and Level Annotations

Branches:
Dungeon (2/15)

Altars:

Annotations:
D:2 Robin


Innate Abilities, Weirdness & Mutations

You cannot be hasted, slowed, berserked, paralysed or teleported.
You can dig through walls and to a lower floor.
You have a pair of large antennae on your head. (SInv)
Your four strong arms can wield two-handed weapons with a shield.
Armour fits poorly on your strangely shaped body.
You are strong-willed. (Will+)


Message History

The goblin hits you with a +0 club.
The goblin hits the bush but does no damage.
A hobgoblin comes into view.
The goblin closely misses you.
A goblin comes into view. It is wielding a +0 dagger of venom.
The goblin hits you with a +0 club.
Robin roars a battlecry!
The goblins go into a battle-frenzy!
The goblin hits the bush with a +0 dagger.
The goblin closely misses you.
The goblin hits the bush but does no damage.
You hear an angry hiss.
The goblin hits the bush but does no damage.
The goblin hits you with a +0 club. Robin throws the goblin at you!
* * * LOW HITPOINT WARNING * * *
Okay, then.
Okay, then.
Fire: a) +0 shortbow
Press: ? - help, Q - select action, (/) - cycle Shift-Dir - straight line, f - goblin, p - goblin
Aim: a goblin, wielding a +0 dagger of venom (strong, 58% to hit)
You shoot an arrow.
The arrow hits the goblin but does no damage.
A frilled lizard comes into view.
The goblin closely misses you. The goblin misses you.
The goblin hits you with a +0 club.
* * * LOW HITPOINT WARNING * * *
The goblin hits the bush with a +0 dagger.
It was a potion of brilliance.
You feel clever all of a sudden.
Robin roars a battlecry!
The hobgoblin hits the bush but does no damage.
Something hits the bush.
The goblin hits you with a +0 dagger of venom.
* * * LOW HITPOINT WARNING * * *
You are lethally poisoned!
The goblin hits the bush but does no damage.
The goblin barely misses you. The goblin completely misses you.
It was a potion of mutation.
You feel extremely strange.
Your body twists and deforms.
You feel strong-willed.
You die... #.#.. g{ #....##' #...gl. #...{.# ♣♣g♣ ♣{g♣♣ { ♣PgP♣ { ♣PgP♣

♣@g♣♣
♣♣gP♣
♣...♣
♣♣.♣♣
♣P.♣
♣♣.♣
#..#
#.##
♣##.####


You could see Robin, a hobgoblin (strong), 4 goblins and a frilled lizard.

Vanquished Creatures
  A gnoll (D:1)
  An endoplasm (D:1)
  A giant cockroach (D:1)
  3 hobgoblins
  2 jackals (D:1)
  A ball python (D:1)
  A bat (D:1)
  A frilled lizard (D:1)
  3 goblins
  2 rats (D:1)
16 creatures vanquished.

Notes
Turn   | Place    | Note
-------+----------+-------------------------------------------
     0 | D:1      | groovy9 the Formicid Hunter began the quest for the Orb.
     0 | D:1      | Reached XP level 1. HP: 16/16 MP: 1/1
   266 | D:1      | Found a faded altar of an unknown god.
   292 | D:1      | Reached XP level 2. HP: 22/22 MP: 2/2
   403 | D:1      | Reached XP level 3. HP: 27/27 MP: 3/3
   682 | D:2      | Noticed Robin
   693 | D:2      | HP: 1/27 [goblin/+0 dagger of venom[Robin] (4)]
   694 | D:2      | Gained mutation: Armour fits poorly on your strangely
                  | shaped body. [potion of mutation]
   694 | D:2      | Gained mutation: You are strong-willed. (Will+) [potion of
                  | mutation]
   694 | D:2      | Succumbed to a goblin's poison

Illustrated notes

Levels and vault maps discovered:
D:1:      dpeg_arrival_radiant, layout_basic, shapermc_ecumenical_altar_gd,
          hangedman_decor_clover_reticule
D:2:      layout_basic, serial_forest, infiniplex_forest_straight_5,
          infiniplex_forest_lined_room_, infiniplex_forest_lined_corner,
          infiniplex_forest_clump_medium, infiniplex_forest_end_3,
          infiniplex_forest_end_2, infiniplex_forest_clump_small,
          uniq_crazy_yiuf_cottage, uniq_natasha, uniq_robin

Action                   || total
-------------------------++-------
 Fire: Shortbow          ||    49
 Abil: Dig               ||     2
  Use: Scroll            ||     2
       Potion            ||     2
Armor: Leather armour    ||    16
Dodge: Dodged            ||    23
